 Dungeon Crawl Stone Soup version 0.23.2-40-g277498a001 (webtiles) character file.

Game seed: 3229970467634903880

5745 Gildeon the Severer (level 10, 0/82 HPs)
             Began as a Deep Dwarf Fighter on Sept 21, 2019.
             Was an Elder of Trog.
             Slain by a very large slime creature (31 damage)
             ... on level 10 of the Dungeon.
             The game lasted 00:30:05 (7040 turns).

Gildeon the Severer (Deep Dwarf Fighter)            Turns: 7040, Time: 00:30:05

Health: 0/82       AC: 23    Str: 22    XL:     10   Next: 49%
Magic:  2/2        EV:  4    Int: 14    God:    Trog [****..]
Gold:   529        SH:  9    Dex: 12    Spells: 9/9 levels left

rFire    + . .     SeeInvis .   w - +7 war axe of the Battered Beggars {protect, Int+4}
rCold    x . .     Gourm    .   c - +0 shield
rNeg     . . .     Faith    .   r - +0 plate armour
rPois    .         Spirit   .   A - +0 helmet
rElec    .         Reflect  .   o - +0 cloak
rCorr    .         Harm     .   F - +0 pair of gloves
MR       +....                  z - +0 pair of boots
Stlth    ..........             (no amulet)
HPRegen  0.00/turn              I - ring of fire
MPRegen  0.08/turn              (no ring)

@: protection aura, non-regenerating, studying Long Blades
A: damage resistance, heal wounds, sense surroundings 2, no regeneration
a: Heal Wounds, Berserk, Trog's Hand, Brothers in Arms, Renounce Religion


You were on level 10 of the Dungeon.
You worshipped Trog.
Trog was greatly pleased with you.
You were hungry.

You visited 2 branches of the dungeon, and saw 11 of its levels.

You collected 529 gold pieces.

Inventory:

Hand Weapons
 a - a +0 war axe
 q - the +7 scimitar of Ytu Irch {slice, *Corrode rPois MR+ Dex+4}
   (You found it on level 7 of the Dungeon)

   It inflicts extra damage upon your enemies.
   It affects your dexterity (+4).
   It protects you from poison.
   It affects your resistance to hostile enchantments.
   It may corrode you when you take damage.
 w - the +7 war axe of the Battered Beggars (weapon) {protect, Int+4}
   (You found it on level 6 of the Dungeon)

   It protects the one who uses it against injury (+AC on strike).
   It affects your intelligence (+4).
 G - a cursed +4 flail
Missiles
 x - a javelin (quivered)
 D - 13 tomahawks
Armour
 c - a +0 shield (worn)
 o - a +0 cloak (worn)
 r - a +0 plate armour (worn)
 z - a +0 pair of boots (worn)
 A - a +0 helmet (worn)
 F - a +0 pair of gloves (worn)
Jewellery
 I - a ring of fire (left hand)
Wands
 m - a wand of disintegration (10)
 B - a wand of iceblast (9)
 H - a wand of digging (1)
Scrolls
 b - 2 scrolls of blinking
 h - 2 scrolls of fog
 j - 2 scrolls of fear
 l - 13 scrolls of teleportation
 p - 3 scrolls of remove curse
 s - a scroll of vulnerability {unknown}
 t - 2 scrolls of enchant weapon {unknown}
 v - a scroll of magic mapping {unknown}
 y - a scroll of amnesia {unknown}
 J - a scroll of enchant armour {unknown}
Potions
 d - a potion of magic {unknown}
 e - a potion of brilliance {unknown}
 g - 2 potions of heal wounds
 k - a potion of cancellation {unknown}
 n - a potion of invisibility
 u - a potion of flight {unknown}
 C - 2 potions of lignification
 K - a potion of degeneration {unknown}
Books
 E - a manual of Long Blades
Comestibles
 f - 14 rations
 i - 4 chunks of flesh


   Skills:
 + Level 2.8 Fighting
 - Level 16.0 Axes
 + Level 3.5 Armour
 + Level 0.9 Dodging
 + Level 3.5 Shields
 + Level 1.1 Evocations


You had 9 spell levels left.
You didn't know any spells.
Your spell library contained the following spells:

 Spells                   Type           Power        Failure   Level  Hunger
 Corona                   Hex            #......      100%        1    ##.....
 Ensorcelled Hibernation  Hex/Ice        #.....       100%        2    ###....
 Confuse                  Hex            #.......     100%        3    ####...
 Dazzling Spray           Conj/Hex       #.....       100%        3    ####...
 Tukima's Dance           Hex            #.......     100%        3    ####...


Dungeon Overview and Level Annotations

Branches:
Dungeon (10/15)            Temple (1/1) D:6
   Lair: D:8-11         Orc: D:9-12

Altars:
Ashenzari
Cheibriados
Dithmenos
Elyvilon
Fedhas
Gozag
Hepliaklqana
Kikubaaqudgha
Makhleb
Nemelex Xobeh
Okawaru
Qazlal
Ru
Sif Muna
Trog
Uskayaw
Vehumet
Wu Jian
Xom
Yredelemnul
Zin
The Shining One

Shops:
D:8 (

Annotations:
D:5 1 runed translucent door
D:6 Sigmund
D:8 Psyche


Innate Abilities, Weirdness & Mutations

You are resistant to damage.
You can heal yourself by infusing magical energy.
You passively map the area around you.
You do not regenerate.


Message History

Two slime creatures merge to form a large slime creature.
You slash the large slime creature!
The large slime creature is moderately wounded.
You slice the large slime creature!!
The large slime creature is severely wounded.
The large slime creature hits you but does no damage.
A slime creature comes into view.
You slash the large slime creature!
The large slime creature is severely wounded.
Two slime creatures merge to form a very large slime creature.
You slash the very large slime creature!
The very large slime creature is heavily wounded.
A slime creature comes into view.
You slash the very large slime creature!
The very large slime creature is severely wounded.
The very large slime creature hits you but does no damage.
You slash the very large slime creature!
The very large slime creature is severely wounded.
The very large slime creature hits you!!
You die...

* * , , * ... #.#
*... * #.# #J# *
#.# #J# , #.# #.#
## ##,##.# #.# .#
,, .#.#.# #J# .#*
#.##.# #@#
.#######.##.# #.#
.......(....####.#
####.............#
#.....#.#########
#.....#.#
>........#
##.....### #.....#


You could see a very large slime creature and 2 slime creatures.

Vanquished Creatures
  Maurice (D:9)
  2 hippogriffs
  3 yaks (D:10)
  A spriggan (D:7)
  A vampire (D:10)
  Eustachio (D:5)
  A hungry ghost (D:8)
  A black bear (D:9)
  3 necrophages (D:7)
  3 orc warriors
  A sky beast (D:10)
  2 phantoms
  4 ogres
  5 centaurs
  A big kobold (D:7)
  Blork the orc (D:5)
  4 bullfrogs
  4 scorpions
  11 wights
  A bullfrog zombie (D:7)
  A lava snake (D:7)
  3 crimson imps
  4 human zombies (D:7)
  A centaur zombie (D:7)
  6 orc wizards
  3 centaur skeletons
  3 orc priests
  3 hounds
  11 worker ants
  A human skeleton (D:7)
  2 iguanas (D:9)
  A hound zombie (D:9)
  A hound skeleton (D:6)
  A mummy (D:7)
  A howler monkey zombie (D:8)
  A howler monkey skeleton (D:6)
  14 adders
  A shadow imp (D:6)
  An ooze (D:2)
  3 adder skeletons
  3 worms
  A dart slug (D:1)
  4 leopard geckos
  28 orcs
  4 giant cockroaches
  5 goblins
  4 hobgoblins
  21 jackals
  10 kobolds
  2 quokkas
  12 bats
  4 frilled lizards
  A jackal skeleton (D:5)
  A leopard gecko skeleton (D:4)
  An orc zombie (D:7)
  6 rats
220 creatures vanquished.

Notes
Turn   | Place    | Note
-------+----------+-------------------------------------------
     0 | D:1      | Gildeon the Deep Dwarf Fighter began the quest for the Orb.
     0 | D:1      | Reached XP level 1. HP: 20/20 MP: 1/1
   164 | D:1      | Reached skill level 3 in Axes
   190 | D:1      | Reached XP level 2. HP: 22/27 MP: 2/2
   692 | D:2      | Reached XP level 3. HP: 21/33 MP: 3/3
   737 | D:2      | Reached skill level 4 in Axes
  1120 | D:2      | Found a bloodstained altar of Trog.
  1125 | D:2      | Became a worshipper of Trog the Wrathful
  1219 | D:2      | Reached XP level 4. HP: 20/40 MP: 4/4
  1324 | D:2      | Reached skill level 5 in Axes
  1689 | D:3      | Found a glowing silver altar of Zin.
  1736 | D:3      | Reached XP level 5. HP: 25/46 MP: 5/5
  1812 | D:3      | Reached skill level 6 in Axes
  1847 | D:3      | Reached * piety under Trog
  1939 | D:3      | Found a blossoming altar of Fedhas.
  1939 | D:3      | Found a shadowy altar of Dithmenos.
  2155 | D:4      | Found an ornate altar of the Wu Jian Council.
  2156 | D:4      | Found a sparkling altar of Nemelex Xobeh.
  2180 | D:4      | Reached skill level 7 in Axes
  2180 | D:4      | Reached XP level 6. HP: 21/55 MP: 6/6
  2274 | D:4      | Noticed a hippogriff
  2284 | D:4      | Killed a hippogriff
  2284 | D:4      | Reached skill level 8 in Axes
  2284 | D:4      | Reached XP level 7. HP: 21/61 MP: 7/7
  2348 | D:4      | Found a hide-covered altar of Uskayaw.
  2480 | D:4      | Reached ** piety under Trog
  2591 | D:4      | Reached skill level 9 in Axes
  2673 | D:4      | Found a deep blue altar of Sif Muna.
  2843 | D:5      | Entered Level 5 of the Dungeon
  2843 | D:5      | Noticed Eustachio
  3133 | D:5      | Found a runed translucent door.
  3648 | D:5      | Noticed Blork the orc
  3662 | D:5      | Killed Blork the orc
  3698 | D:5      | Killed Eustachio
  3698 | D:5      | Reached skill level 10 in Axes
  3876 | D:5      | HP: 1/61 [orc warrior/+0 scimitar (15)]
  3884 | D:5      | Reached XP level 8. HP: 12/68 MP: 4/4
  4027 | D:6      | Found a staircase to the Ecumenical Temple.
  4040 | D:6      | Found an iron altar of Okawaru.
  4058 | D:6      | Reached skill level 11 in Axes
  4090 | D:6      | Got a crude war axe
  4091 | D:6      | Identified the +7 war axe of the Battered Beggars {protect,
                  | Int+4} (You found it on level 6 of the Dungeon)
  4206 | Temple   | Entered the Ecumenical Temple
  4591 | D:6      | Reached skill level 12 in Axes
  4790 | D:6      | Noticed Sigmund
  4800 | D:7      | Gained mutation: You passively map the area around you.
                  | [Deep Dwarf growth]
  4800 | D:7      | Reached XP level 9. HP: 36/74 MP: 4/4
  4843 | D:7      | Reached *** piety under Trog
  4855 | D:7      | Reached skill level 13 in Axes
  5004 | D:7      | Received a gift from Trog
  5315 | D:7      | Reached skill level 14 in Axes
  5339 | D:7      | Found a basalt altar of Yredelemnul.
  5547 | D:7      | Got a warped scimitar
  5548 | D:7      | Identified the +7 scimitar of Ytu Irch {slice, *Corrode
                  | rPois MR+ Dex+4} (You found it on level 7 of the Dungeon)
  5595 | D:8      | Noticed Psyche
  5694 | D:8      | Found Vatof's Weapon Emporium.
  5844 | D:8      | Noticed a two-headed ogre
  5889 | D:9      | Noticed Maurice
  5892 | D:9      | Reached skill level 15 in Axes
  5892 | D:9      | Reached XP level 10. HP: 27/81 MP: 4/4
  5921 | D:9      | Found a deep blue altar of Sif Muna.
  5927 | D:9      | Reached **** piety under Trog
  5948 | D:9      | Killed Maurice
  5969 | D:9      | Found a shimmering altar of Xom.
  6101 | D:9      | Found an ancient bone altar of Kikubaaqudgha.
  6489 | D:10     | Entered Level 10 of the Dungeon
  6531 | D:10     | HP: 4/81 [something/vampiric draining (8)]
  6534 | D:10     | HP: 1/81 [something/vampiric draining (10)]
  6784 | D:10     | Reached skill level 16 in Axes
  6789 | D:10     | HP: 4/81 [yak (6)]
  6955 | D:10     | Reached skill level 1 in Evocations
  7040 | D:10     | Slain by a very large slime creature

Skill      XL: |  1  2  3  4  5  6  7  8  9 10 |
---------------+-------------------------------+-----
Axes           | 3 4 5 7 8 10 12 15 16 | 16.0
Evocations     | 1 |  1.1
Fighting       | |  2.8
Armour         | |  3.5
Dodging        | |  0.9
Shields        | |  3.5

Action                   |  1- 3 |  4- 6 |  7- 9 | 10-12 || total
-------------------------+-------+-------+-------+-------++-------
Melee: War axe           |   138 |   168 |   390 |   174 ||   870
Throw: Tomahawk          |       |     2 |    18 |     8 ||    28
       Javelin           |       |       |    20 |     4 ||    24
 Abil: Heal Wounds       |       |     2 |    10 |     3 ||    15
  Use: Scroll            |       |     1 |    10 |     1 ||    12
       Potion            |       |     1 |     1 |     2 ||     4
  Eat: Chunk             |     1 |     4 |    13 |     4 ||    22
Armor: Scale mail        |    88 |       |       |       ||    88
       Plate armour      |       |   117 |   217 |    76 ||   410
Dodge: Dodged            |    60 |    24 |    41 |    19 ||   144
Block: Shield            |    90 |    69 |   168 |    47 ||   374
